 Dungeon Crawl Stone Soup version 0.22.1-1-ga44c0e56f4 (webtiles) character file.

3403 Ivernyr the Ogre Mage (level 10, -10/106 HPs)
             Began as an Ogre Wizard on Oct 26, 2018.
             Was a Believer of Cheibriados.
             Killed from afar by an efreet (18 damage)
             ... with a bolt of fire
             ... on level 7 of the Dungeon.
             The game lasted 01:19:20 (10155 turns).

Ivernyr the Ogre Mage (Ogre Wizard)                Turns: 10155, Time: 01:19:23

Health: -10/106    AC:  6    Str: 15    XL:     10   Next: 4%
Magic:  11/33      EV: 10    Int: 27    God:    Cheibriados [**....]
Gold:   28         SH:  0    Dex: 12    Spells: 14/30 levels left

rFire    . . .     SeeInvis .   j - +0 spear (venom)
rCold    . . .     Gourm    .   (no shield)
rNeg     . . .     Faith    .   o - +2 robe {rC+}
rPois    .         Spirit   .   b - +0 hat
rElec    .         Reflect  .   C - +0 cloak of Zuhydghato {rC- rCorr MP+9 Str-3}
rCorr    +         Harm     .   (gloves unavailable)
MR       +....                  (boots unavailable)
Stlth    ++........             (no amulet)
HPRegen  0.27/turn              (no ring)
MPRegen  0.23/turn              (no ring)

@: very slow
A: large, unfitting armour, tough skin 1
a: Bend Time, Renounce Religion


You were on level 7 of the Dungeon.
You worshipped Cheibriados.
Cheibriados was pleased with you.
You were hungry.

You visited 2 branches of the dungeon, and saw 9 of its levels.
You also visited: Sewer.

You collected 265 gold pieces.
You spent 237 gold pieces at shops.

Inventory:

Hand Weapons
 j - a +0 spear of venom (weapon)
Armour
 b - a +0 hat (worn)
 o - a +2 robe of cold resistance (worn)
 s - a +0 shield
 C - the +0 cloak of Zuhydghato (worn) {rC- rCorr MP+9 Str-3}
   (You bought it in a shop on level 5 of the Dungeon)

   It affects your strength (-3).
   It makes you vulnerable to cold.
   It affects your magic capacity (+9).
   It provides partial protection from all sources of acid and corrosion.
Wands
 x - a wand of digging (15)
 A - a wand of acid (5)
Scrolls
 a - 3 scrolls of amnesia {unknown}
 g - 5 scrolls of remove curse
 i - 3 scrolls of identify {unknown}
 l - 2 scrolls of magic mapping {unknown}
 p - 2 scrolls of immolation {unknown}
 r - a scroll of fog {unknown}
 t - 4 scrolls of teleportation {unknown}
 u - a scroll of random uselessness {unknown}
 y - a scroll of blinking {unknown}
Potions
 c - 9 potions of curing {unknown}
 e - 2 potions of degeneration {unknown}
 f - 3 potions of flight {unknown}
 h - 8 potions of heal wounds {unknown}
 k - a potion of might {unknown}
 m - 2 potions of agility {unknown}
 n - a potion of mutation {unknown}
 q - 2 potions of cancellation {unknown}
 v - a potion of haste {unknown}
 w - 2 potions of brilliance {unknown}
 z - a potion of berserk rage {unknown}
 B - a potion of lignification {unknown}
Comestibles
 d - 11 rations


   Skills:
 + Level 8.4 Fighting
 - Level 1.7 Dodging
 - Level 1.4 Stealth
 * Level 10.6 Spellcasting
 - Level 5.5 Conjurations
 - Level 0.8 Summonings
 - Level 0.8 Translocations
 + Level 1.3 Fire Magic
 + Level 5.3 Invocations


You had 14 spell levels left.
You knew the following spells:

 Your Spells              Type           Power        Failure   Level  Hunger
a - Magic Dart            Conj           ####         1%          1    None
b - Blink                 Tloc           N/A          4%          2    None
c - Conjure Flame         Conj/Fire      ####....     3%          3    None
d - Mephitic Cloud        Conj/Pois/Air  ###.....     5%          3    None
e - Call Imp              Summ           ###.....     4%          2    None
f - Fireball              Conj/Fire      ####......   26%         5    ###....

Your spell library contained the following spells:

 Spells                   Type           Power        Failure   Level  Hunger
 Flame Tongue             Conj/Fire      ####.        1%          1    None
 Throw Flame              Conj/Fire      ####..       1%          2    None
 Slow                     Hex            ##......     6%          2    None
 Inner Flame              Hex/Fire       ###.....     9%          3    None
 Sticky Flame             Conj/Fire      ####....     10%         4    None


Dungeon Overview and Level Annotations

Branches:
Dungeon (8/15)             Temple (1/1) D:6
   Lair: D:8-11

Altars:
Cheibriados
Dithmenos
Fedhas
Hepliaklqana
Nemelex Xobeh
Sif Muna
Wu Jian
Xom
Yredelemnul

Shops:
D:5 [

Annotations:
D:8 Prince Ribbit


Innate Abilities, Weirdness & Mutations

You are too large for most types of armour.
You have tough skin. (AC +1)


Message History

Casting: Magic Dart (safe; 1% risk of failure)
Confirm with . or Enter, or press ? or * to list all spells.
You blink.
Casting: Blink (safe; 4% risk of failure)
Confirm with . or Enter, or press ? or * to list all spells.
Aiming: Magic Dart (safe; 1% risk of failure)
Press: ? - help, Shift-Dir - straight line, f/p - efreet
Aim: an efreet, wielding a scimitar of flaming (moderately wounded)
The magic dart hits the efreet.
The efreet is moderately wounded.
The efreet gestures at you.
The fireball explodes!
The fireball engulfs you!
* * * LOW HITPOINT WARNING * * *
Casting: Magic Dart (safe; 1% risk of failure)
Confirm with . or Enter, or press ? or * to list all spells.
You blink.
Your white imp hits the efreet but does no damage.
The efreet gestures at you. The bolt of fire hits you!
You die...

#..# #########.#.......
#######..# #.........#....#..
.#.......# #.#######......#..
.#.####..# #.#............#..
.#.#####.#######.#.#.#.#^#.......
##.##......#...)..............#..
.........#.#.###.#.#........#.#.#
##.##.####.#.............<.<.....
##.##.####.#####@#[......#..#.#.#
..................>...........#..
.......###.....5.#.#.#...#....###
.#.#...#....§...R§........[...# #
.#.#...#.#########.#.###.#....# #
.#.....#.............(.[....))# #
.#.#.#......########.##[#####[###
.#...............................
.#####.####.#####.....#.#####[###


You could see an efreet and a friendly white imp.

Vanquished Creatures
  3 slime creatures (D:7)
  2 hippogriffs (D:7)
  A water moccasin (D:7)
  A sky beast (D:6)
  2 orc warriors (D:7)
  An ice beast (D:5)
  3 ogres (D:6)
  3 centaurs
  2 big kobolds
  4 bullfrogs
  4 scorpions
  2 crimson imps
  3 hounds
  3 jellies
  Crazy Yiuf (D:5)
  4 orc priests
  3 orc wizards
  3 bullfrog skeletons
  An iguana (D:5)
  4 worker ants
  A worker ant zombie (D:5)
  Robin (D:2)
  6 adders
  4 river rats (Sewer)
  2 shadow imps
  6 worms
  3 dart slugs
  6 leopard geckos
  16 orcs
  6 giant cockroaches
  13 goblins
  15 hobgoblins
  3 jackals
  7 quokkas
  5 bats
  7 frilled lizards
  A giant cockroach zombie (D:4)
  A jackal skeleton (D:3)
  16 kobolds
  A leopard gecko skeleton (D:5)
  2 rats
172 creatures vanquished.

Vanquished Creatures (collateral kills)
  A rat (Sewer)
1 creature vanquished.

Grand Total: 173 creatures vanquished

Notes
Turn   | Place    | Note
-------+----------+-------------------------------------------
     0 | D:1      | Ivernyr the Ogre Wizard began the quest for the Orb.
     0 | D:1      | Reached XP level 1. HP: 16/16 MP: 5/5
    33 | D:1      | Reached skill level 1 in Conjurations
   415 | D:1      | Reached XP level 2. HP: 26/26 MP: 4/6
   419 | D:1      | Learned a level 2 spell: Blink
   478 | D:1      | Reached skill level 1 in Fighting
   478 | D:1      | Reached skill level 4 in Spellcasting
  1040 | D:1      | Reached XP level 3. HP: 26/33 MP: 2/8
  1271 | D:1      | Learned a level 2 spell: Call Imp
  1275 | D:1      | Learned a level 3 spell: Mephitic Cloud
  1343 | D:2      | Noticed Robin
  1920 | D:2      | Killed Robin
  1936 | D:2      | Reached XP level 4. HP: 36/42 MP: 2/10
  2472 | D:2      | Reached skill level 5 in Spellcasting
  2926 | D:2      | Reached XP level 5. HP: 50/50 MP: 7/12
  3358 | D:3      | Found a glowing drain.
  3362 | Sewer    | Entered a sewer
  3677 | Sewer    | Learned a level 3 spell: Conjure Flame
  3723 | Sewer    | Noticed a big kobold
  3762 | Sewer    | Killed a big kobold
  3762 | Sewer    | Reached XP level 6. HP: 61/61 MP: 8/14
  3899 | Sewer    | Found a white marble altar of Elyvilon.
  4684 | D:4      | Reached skill level 6 in Spellcasting
  5007 | D:4      | Found a shimmering altar of Xom.
  5019 | D:4      | Found a basalt altar of Yredelemnul.
  5056 | D:4      | Found a shimmering altar of Xom.
  5094 | D:4      | Reached XP level 7. HP: 52/71 MP: 6/16
  5557 | D:4      | Found a shimmering altar of Xom.
  5558 | D:4      | Found a shimmering altar of Xom.
  5560 | D:4      | Found a shimmering altar of Xom.
  5609 | D:4      | You fall through a shaft for 2 floors!
  5627 | D:6      | Reached skill level 7 in Spellcasting
  5629 | D:6      | Found a staircase to the Ecumenical Temple.
  5638 | Temple   | Entered the Ecumenical Temple
  5806 | Temple   | Became a worshipper of Cheibriados the Contemplative
  5830 | D:6      | Reached skill level 5 in Fighting
  5920 | D:6      | Found a hazy altar of Hepliaklqana.
  6061 | D:6      | Learned a level 5 spell: Fireball
  6181 | D:6      | Reached skill level 1 in Invocations
  6236 | D:5      | Entered Level 5 of the Dungeon
  6242 | D:5      | Reached XP level 8. HP: 81/81 MP: 12/19
  6329 | D:5      | Found a runed door.
  6333 | D:5      | Noticed Crazy Yiuf
  6340 | D:5      | Killed Crazy Yiuf
  6530 | D:5      | Reached skill level 8 in Spellcasting
  6641 | D:5      | Found a blossoming altar of Fedhas.
  6683 | D:5      | Found a deep blue altar of Sif Muna.
  6685 | D:5      | Reached * piety under Cheibriados
  6927 | D:5      | Found Haismi's Antique Armour Emporium.
  7010 | D:5      | Found an ornate altar of the Wu Jian Council.
  7154 | D:4      | You fall through a shaft!
  7641 | D:6      | Found a basalt altar of Yredelemnul.
  7867 | D:6      | Reached skill level 9 in Spellcasting
  8040 | D:6      | Reached XP level 9. HP: 88/92 MP: 19/22
  8142 | D:5      | Bought a spiked cloak for 237 gold pieces
  8152 | D:5      | Identified the +0 cloak of Zuhydghato {rC- rCorr MP+9
                  | Str-3} (You bought it in a shop on level 5 of the Dungeon)
  8355 | D:7      | Reached skill level 5 in Conjurations
  8384 | D:7      | Reached ** piety under Cheibriados
  8903 | D:7      | Reached skill level 10 in Spellcasting
  9223 | D:7      | Found a shadowy altar of Dithmenos.
  9550 | D:7      | Reached skill level 5 in Invocations
  9683 | D:7      | Reached skill level 1 in Fire Magic
  9683 | D:7      | Reached XP level 10. HP: 81/105 MP: 24/24
  9783 | D:8      | Noticed Prince Ribbit
 10155 | D:7      | Killed from afar by an efreet

Skill      XL: |  1  2  3  4  5  6  7  8  9 |
---------------+----------------------------+-----
Conjurations   | 1 2 3 4 5 |  5.5
Fighting       | 1 2 3 4 5 6 8 |  8.4
Spellcasting   | 4 5 6 7 9 10 | 10.6
Invocations    | 1 3 5 |  5.3
Fire Magic     | 1 |  1.3
Dodging        | |  1.7
Stealth        | |  1.4
Summonings     | |  0.8
Translocations | |  0.8

Action                   |  1- 3 |  4- 6 |  7- 9 | 10-12 || total
-------------------------+-------+-------+-------+-------++-------
Melee: Unarmed           |    16 |       |       |       ||    16
       Whip              |    28 |       |       |       ||    28
       Spear             |       |    80 |   193 |    11 ||   284
 Cast: Magic Dart        |    69 |   165 |   148 |    12 ||   394
       Mephitic Cloud    |     3 |     3 |    11 |     4 ||    21
       Conjure Flame     |       |     2 |     7 |       ||     9
       Call Imp          |       |     2 |       |     1 ||     3
       Blink             |       |     1 |     5 |     6 ||    12
  Use: Scroll            |       |     1 |       |       ||     1
 Stab: Confused          |     2 |       |     3 |     2 ||     7
       Sleeping          |       |     1 |     2 |       ||     3
  Eat: Chunk             |     3 |    10 |     9 |     1 ||    23
Armor: Robe              |    10 |    24 |    34 |     3 ||    71
Dodge: Dodged            |    40 |    39 |    70 |     9 ||   158
